 Dungeon Crawl Stone Soup version 0.29.0-4-gdea44cf6ec (webtiles) character file.

Game seed: 1959689482529627650

58 qw the Chopper (level 4, -1/28 HPs)
             Began as a Gargoyle Fighter on Sept 6, 2022.
             Slain by Sigmund
             ... wielding a +0 scythe
              (2 damage)
             ... on level 2 of the Dungeon.
             The game lasted 00:00:34 (1366 turns).

qw the Chopper (Gargoyle Fighter)                   Turns: 1366, Time: 00:00:35

Health: -1/28      AC: 10    Str: 21    XL:     4   Next: 1%
Magic:  4/4        EV:  9    Int:  9    God:
Gold:   85         SH:  4    Dex:  9    Spells: 3/3 levels left

rFire   . . .      SeeInvis .   Y - +0 war axe
rCold   . . .      Faith    .   c - +0 buckler
rNeg    + . .      Spirit   .   b - +0 scale mail
rPois   inf        Reflect  .   (no helmet)
rElec   +          Harm     .   (no cloak)
rCorr   .          Rampage  .   (no gloves)
Will    .....                   (no boots)
Stlth   ..........              (no amulet)
HPRegen 0.09/turn               (no ring)
MPRegen 0.09/turn               (no ring)

@: no status effects
A: sickness immunity, AC +3, negative energy resistance 1, electricity
resistance, torment resistance 1, petrification resistance
a: no special abilities


You were on level 2 of the Dungeon.
You visited 1 branch of the dungeon, and saw 2 of its levels.

You collected 85 gold pieces.


Innate Abilities, Weirdness & Mutations

You are immune to sickness and miasma.
Your stone body is resilient. (AC +3)
You are immune to poison.
You resist negative energy. (rN+)
You are resistant to electric shocks. (rElec)
You are resistant to unholy torment.
You are immune to petrification.


   Skills:
 - Level 3.2 Fighting
 + Level 3.8 Axes
 - Level 3.2 Armour
 - Level 3.2 Shields


You had 3 spell levels left.
You didn't know any spells.
Your spell library was empty.

Inventory:

Hand Weapons
 e - a +0 club
 Y - a +0 war axe (weapon)
Armour
 a - a +0 helmet
 b - a +0 scale mail (worn)
 c - a +0 buckler (worn)
Potions
 d - 2 potions of might
 f - a potion of resistance {unknown}
 g - a potion of flight {unknown}
 h - a potion of haste {unknown}
 j - a potion of degeneration {unknown}
 l - a potion of heal wounds {unknown}

Dungeon Overview and Level Annotations

Branches:
Dungeon (2/15)

Altars:

Annotations:
D:2 Sigmund


Message History

You barely miss Sigmund.
Sigmund is moderately wounded.
Sigmund casts a spell at you.
You are more confused.
You're too confused to move!
Sigmund hits you but does no damage. Sigmund barely misses you.
You bump into the rock wall.
You barely miss Sigmund.
Sigmund is moderately wounded.
Sigmund hits you but does no damage.
You bump into the rock wall.
Sigmund hits you but does no damage.
You closely miss Sigmund.
Sigmund is moderately wounded.
Sigmund casts a spell at you. The puff of flame hits you.
Sigmund hits you with a +0 scythe.
You bump into the rock wall.
Sigmund attacks as you move away! Sigmund hits you but does no damage.
You feel less confused. Sigmund completely misses you.
You slash Sigmund!
Sigmund is heavily wounded.
Sigmund casts a spell at you.
The magic dart hits you but does no damage.
Sigmund hits you but does no damage.
You closely miss Sigmund.
Sigmund is heavily wounded.
You hit Sigmund.
Sigmund is severely wounded.
Sigmund says, "Your kind have come here before.
I understand now why.
You desire death..."
Sigmund hits you but does no damage.
You closely miss Sigmund.
Sigmund is severely wounded.
Sigmund hits you but does no damage.
You barely miss Sigmund.
Sigmund is severely wounded.
Sigmund hits you with a +0 scythe.
You die...

#### .>#
###########.#
#######.........@.#
.....##.#########@#
####..^......<..#.#
.(......#.....#.#.#
........#.#.....#.#
..........#.#####.#
.....##))##.# #.#
.....##).[..# #.#
.......))####


You could see Sigmund.

Vanquished Creatures
  Robin (D:2)
  A worm (D:2)
  A dart slug (D:2)
  A bat (D:1)
  2 endoplasms (D:1)
  A giant cockroach (D:1)
  8 goblins
  8 hobgoblins
  4 kobolds (D:1)
  A quokka (D:1)
  4 ball pythons (D:1)
  3 frilled lizards (D:1)
  2 rats (D:1)
37 creatures vanquished.

Notes
Turn   | Place    | Note
-------+----------+-------------------------------------------
     0 | D:1      | qw the Gargoyle Fighter began the quest for the Orb.
     0 | D:1      | Reached XP level 1. HP: 14/14 MP: 1/1
     0 | D:1      | 0 ||| qw: Version: 0.1-a-107-g9ff403c
     0 | D:1      | 0 ||| qw: Game counter: 6084
     0 | D:1      | 0 ||| qw: Always use a shield: true
     0 | D:1      | 0 ||| qw: God list: Okawaru
     0 | D:1      | 0 ||| qw: Allow faded altars: false
     0 | D:1      | 0 ||| qw: Do Orc after D:15 true
     0 | D:1      | 0 ||| qw: Do second Lair branch before Depths: true
     0 | D:1      | 0 ||| qw: Lair rune preference: random
     0 | D:1      | 0 ||| qw: Plans: Normal, Zot, God:TSO, Crypt, Tomb, Zig,
                  | Orb
     0 | D:1      | 0 ||| PLANNING D:1-11
   293 | D:1      | Reached XP level 2. HP: 19/19 MP: 2/2
   679 | D:1      | Reached skill level 3 in Axes
   932 | D:1      | 932 ||| READING scroll labelled LAPUMU FEATY.
   933 | D:1      | 933 ||| READING scroll labelled JIECIKL SACW.
   968 | D:2      | 968 ||| Stepping ~*~*~tactically~*~*~ (stealth).
   978 | D:2      | Reached XP level 3. HP: 19/23 MP: 3/3
   993 | D:2      | 993 ||| FLEEEEING.
   997 | D:2      | 997 ||| STAIRDANCE
  1048 | D:2      | 1048 ||| Stepping ~*~*~tactically~*~*~ (stealth).
  1049 | D:2      | Noticed Robin
  1050 | D:2      | 1050 ||| Stepping ~*~*~tactically~*~*~ (hiding).
  1053 | D:2      | 1053 ||| Stepping ~*~*~tactically~*~*~ (hiding).
  1059 | D:2      | Killed Robin
  1068 | D:2      | Reached XP level 4. HP: 8/28 MP: 4/4
  1327 | D:2      | Noticed Sigmund
  1328 | D:2      | 1328 ||| Stepping ~*~*~tactically~*~*~ (hiding).
  1341 | D:2      | 1341 ||| DRINKING potion of curing.
  1341 | D:2      | 1341 ||| (to cure confusion)
  1343 | D:2      | HP: 6/28 [Sigmund/puff of flame (11)]
  1357 | D:2      | HP: 3/28 [Sigmund/puff of flame (4)]
  1358 | D:2      | HP: 1/28 [Sigmund/+0 scythe (3)]
  1366 | D:2      | Slain by Sigmund

Levels and vault maps discovered:
D:1:      amcnicky_arrival_choice, layout_basic, hangedman_decor_points,
          grunt_decor_mini_mirrors, chequers_serial_rivers_large_a,
          nicolae_concentric_dashed_squares_wild, minmay_box_of_dots
D:2:      layout_basic, kennysheep_generic_room_12, uniq_robin, uniq_sigmund,
          uniq_natasha

Skill      XL: |  1  2 |
---------------+-------+-----
Axes           | 2 3 |  3.8
Fighting       | |  3.2
Armour         | |  3.2
Shields        | |  3.2

Action                   |  1- 3 |  4- 6 || total
-------------------------+-------+-------++-------
Melee: War axe           |    75 |    21 ||    96
  Use: Scroll            |     2 |       ||     2
       Potion            |       |     1 ||     1
Armor: Scale mail        |    45 |    13 ||    58
Dodge: Dodged            |    36 |     5 ||    41
Block: Buckler           |    17 |     1 ||    18

Table legend:
 A = Non-vault XP
 B = Vault XP
 C = Vault XP percentage of total XP
 D = Non-vault monster count
 E = Vault monster count
 F = Vault count percentage of total count
                 A         B        C        D         E       F
            +---------+---------+-------+---------+---------+-------
      Total |      40 |      43 |  51.8 |      21 |      16 |  43.2
            +---------+---------+-------+---------+---------+-------
        D:1 |      27 |       5 |  15.6 |      17 |       3 |  15.0
        D:2 |      13 |      38 |  74.5 |       4 |      13 |  76.5
            +---------+---------+-------+---------+---------+-------
